 Dungeon Crawl Stone Soup version 0.28.0-47-ge53b351184 (webtiles) character file.

Game seed: 13294676595325648295

334 nickcage the Chiller (level 6, -11/32 HPs)
             Began as a Deep Elf Ice Elementalist on May 10, 2022.
             Engulfed by a cloud of steam (12 damage)
             ... on level 5 of the Dungeon.
             The game lasted 00:08:37 (4115 turns).

nickcage the Chiller (Deep Elf Ice Elementalist)    Turns: 4115, Time: 00:08:37

Health: -11/32     AC:  9    Str:  5    XL:     6   Next: 27%
Magic:  6/15       EV: 12    Int: 22    God:
Gold:   170        SH:  0    Dex: 15    Spells: 4/15 levels left

rFire   . . .      SeeInvis .   b - +1 dagger
rCold   . . .      Faith    .   (no shield)
rNeg    . . .      Spirit   .   a - +0 robe
rPois   .          Reflect  .   (no helmet)
rElec   .          Harm     .   (no cloak)
rCorr   .          Rampage  .   (no gloves)
Will    .....                   (no boots)
Stlth   ++........              (no amulet)
HPRegen 0.10/turn               l - +4 ring of slaying
MPRegen 0.14/turn               (no ring)

@: ice-armoured (expiring), freezing walls
A: no striking features
a: no special abilities


You were on level 5 of the Dungeon.
You visited 1 branch of the dungeon, and saw 5 of its levels.

You collected 200 gold pieces.
You spent 30 gold pieces at shops.

Inventory:

Hand Weapons
 b - a +1 dagger (weapon)
Armour
 a - a +0 robe (worn)
Jewellery
 l - a +4 ring of slaying (left hand)
Scrolls
 c - 2 scrolls of magic mapping
 e - a scroll of immolation
 g - a scroll of blinking {unknown}
 i - 4 scrolls of identify
Potions
 d - 3 potions of flight
 f - a potion of attraction
 h - 2 potions of mutation
 j - a potion of heal wounds {unknown}
 k - a potion of lignification {unknown}
 m - a potion of curing


   Skills:
 - Level 2.4 Dodging
 - Level 2.4 Stealth
 - Level 5.0 Spellcasting
 * Level 1.7 Conjurations
 + Level 7.3 Ice Magic


You had 4 spell levels left.
You knew the following spells:

 Your Spells              Type           Power      Damage    Failure   Level
a - Freeze                Ice            100%       1d11      1%          1
b - Frozen Ramparts       Ice            74%        1d9       1%          3
c - Ozocubu's Armour      Ice            37%        N/A       1%          3
d - Hailstorm             Conj/Ice       25%        3d7       16%         4

Your spell library contained the following spells:

 Spells                   Type           Power      Damage    Failure   Level
 Gell's Gravitas          Tloc           5%         N/A       30%         3
 Teleport Other           Tloc           5%         N/A       30%         3
 Dispersal                Tloc           2%         N/A       100%        6


Dungeon Overview and Level Annotations

Branches:
Dungeon (5/15)
 Temple: D:4-7

Altars:
Uskayaw

Shops:
D:4 !


Message History

Confirm with . or Enter, or press ? or * to list all spells.
A film of ice covers your body! The steam dragon bites you!
The steam dragon claws you but does no damage.
Casting: Ozocubu's Armour (safe; 1% risk of failure)
Confirm with . or Enter, or press ? or * to list all spells.
Casting: Frozen Ramparts (safe; 1% risk of failure)
Press: ? - help, Dir - look around, f - activate An open door.
The walls around you are covered in ice.
The wall freezes the steam dragon!
The steam dragon breathes steam at you. The ball of steam hits you!
You hear a shout!
The heat melts your icy armour.
You freeze the steam dragon.
The steam dragon is heavily wounded.
You are engulfed in a cloud of scalding steam.
The wall freezes the steam dragon.
The steam dragon closely misses you. The steam dragon claws you.
* * * LOW HITPOINT WARNING * * *
The heat melts your icy armour.
You are too injured to fight recklessly!
Aiming: Freeze (safe; 1% risk of failure)
Press: ? - help, Q - select action, (/) - cycle Shift-Dir - straight line, f/p - steam dragon
Aim: a steam dragon (heavily wounded, catching its breath)
You freeze the steam dragon!
The steam dragon is almost dead.
You are engulfed in a cloud of scalding steam.
* * * LOW HITPOINT WARNING * * *
The wall freezes the steam dragon.
The steam dragon closely misses you. The steam dragon barely misses you.
The heat melts your icy armour.
Aiming: Freeze (safe; 1% risk of failure)
Press: ? - help, Q - select action, (/) - cycle Shift-Dir - straight line, f/p - steam dragon
Aim: a steam dragon (almost dead)
You freeze the steam dragon!
You kill the steam dragon!
The steam dragon scales are intact enough to wear.
You are engulfed in a cloud of scalding steam.
You die...

#...........
#....#...........
#....#...........#
#....#...........#
##....#...........#
#.....#...........#
#.....#...........#
#....[+...........#
####@#...........#
#................#
#...§............#
+...§.#####<.....#
#.....# #......#
........# #...)..#
..####### #......#
... #......# ..
#......#


There were no monsters in sight!

Vanquished Creatures
  A steam dragon (D:5)
  A scorpion (D:4)
  4 hounds
  An iguana (D:4)
  6 adders
  A worm (D:2)
  2 dart slugs (D:1)
  2 orcs
  5 ball pythons
  5 bats
  7 endoplasms
  2 giant cockroaches
  4 goblins
  5 hobgoblins
  3 jackals (D:2)
  A quokka (D:2)
  6 frilled lizards
  9 kobolds
  7 rats
72 creatures vanquished.

Notes
Turn   | Place    | Note
-------+----------+-------------------------------------------
     0 | D:1      | nickcage the Deep Elf Ice Elementalist began the quest for
                  | the Orb.
     0 | D:1      | Reached XP level 1. HP: 10/10 MP: 6/6
     6 | D:1      | Noticed a salamander
     6 | D:1      | Noticed a hound
     6 | D:1      | Noticed a komodo dragon
     6 | D:1      | Noticed a black bear
     6 | D:1      | Noticed an eight-headed hydra
   170 | D:1      | Reached XP level 2. HP: 13/15 MP: 4/8
   252 | D:1      | Reached skill level 5 in Ice Magic
   814 | D:1      | Reached XP level 3. HP: 19/19 MP: 7/9
   820 | D:1      | Learned a level 3 spell: Frozen Ramparts
   824 | D:1      | Learned a level 3 spell: Ozocubu's Armour
   977 | D:1      | Found a faded altar of an unknown god.
  1511 | D:2      | Reached skill level 6 in Ice Magic
  1511 | D:2      | Reached XP level 4. HP: 14/24 MP: 8/11
  2508 | D:3      | Found a hide-covered altar of Uskayaw.
  3394 | D:4      | Noticed a scorpion
  3402 | D:4      | Reached XP level 5. HP: 15/28 MP: 3/13
  3403 | D:4      | Reached skill level 5 in Spellcasting
  3408 | D:4      | Learned a level 4 spell: Hailstorm
  3589 | D:4      | Reached skill level 1 in Conjurations
  3589 | D:4      | Reached skill level 7 in Ice Magic
  3589 | D:4      | Reached XP level 6. HP: 18/32 MP: 5/15
  3873 | D:4      | Found Badicetz's Distillery.
  3881 | D:4      | Bought a potion of curing for 30 gold pieces
  4037 | D:5      | Entered Level 5 of the Dungeon
  4039 | D:5      | Noticed an orc warrior
  4109 | D:5      | Noticed a steam dragon
  4114 | D:5      | HP: 1/32 [steam dragon] (7)]
  4115 | D:5      | Killed a steam dragon
  4115 | D:5      | Engulfed by a cloud of steam

Illustrated notes

Levels and vault maps discovered:
D:1:      onia_arrival_zoo_common, layout_loops_cross,
          dilly_ecumenical_altar_fadedgnrine
D:2:      layout_loops_cross
D:3:      layout_loops_ring, general_overflow_altar, kennysheep_generic_room_10
D:4:      layout_rooms, serial_shops, shop_fountains
D:5:      layout_gridville, minmay_temple_entry_stoned_glass, serial_shops,
          shop, minmay_joined_circles

Skill      XL: |  1  2  3  4  5 |
---------------+----------------+-----
Ice Magic      | 5 6 7 |  7.3
Spellcasting   | 4 5 |  5.0
Conjurations   | 1 |  1.7
Dodging        | |  2.4
Stealth        | |  2.4

Action                   |  1- 3 |  4- 6 || total
-------------------------+-------+-------++-------
Melee: Dagger            |    26 |    11 ||    37
 Cast: Freeze            |    37 |    38 ||    75
       Frozen Ramparts   |       |     6 ||     6
       Ozocubu's Armour  |       |     4 ||     4
  Use: Scroll            |       |    10 ||    10
 Stab: Sleeping          |    13 |       ||    13
Armor: Robe              |    10 |    10 ||    20
Dodge: Dodged            |    27 |    19 ||    46
